 Dungeon Sprint DCSS version 0.21-a0-528-gf531e82 (webtiles) character file.

367643 sequroo the End of an Era (level 20, 0/197 HPs)
             Began as a Demonspawn Gladiator on Dec 9, 2017.
             Was the Champion of Qazlal.
             Killed from afar by Ikoaraeh the pandemonium lord (56 damage)
             ... with a great icy blast
             ... in the Dungeon (Sprint IX: "|||||||||||||||||||||||||||||").
             The game lasted 01:27:25 (12846 turns).

sequroo the End of an Era (Demonspawn Gladiator)   Turns: 12846, Time: 01:27:25

Health: 0/197      AC: 59    Str: 19    XL:     20   Next: 40%
Magic:  30/37      EV: 18    Int: 10    God:    Qazlal [******]
Gold:   1942       SH:  8    Dex: 17    Spells: 19/19 levels left

rFire    + + .     SeeInvis .   p - +11 plutonium sword {*Contam Stlth-}
rCold    + . .     Gourm    .   (shield currently unavailable)
rNeg     . . .     Faith    .   G - +6 crystal plate armour
rPois    +         Spirit   .   c - +0 helmet
rElec    .         Reflect  .   h - +2 cloak
rCorr    .         Harm     .   K - +2 pair of gloves
MR       +++..     Rnd*Rage +   (boots unavailable) Stlth ..........NoTele +
                                (no amulet)
HPRegen  0.42/turn              Y - ring of the Hundredfold Nights {rPois rF+}
MPRegen  0.25/turn              o - ring of Liokar Xusch {rPois rF+ MR++ Str-4 Stlth+}

@: frozen, sanguine armour, repel missiles, very slow
A: hooves 3, berserk 1, cold resistance 1, demonic guardian 2, poison
resistance, powered by pain 3, strong 1, no potion heal 1, freezing cloud
immunity, sanguine armour 3
0: Orb of Zot
}: 5/15 runes: decaying, serpentine, barnacled, silver, gossamer
a: Upheaval, Elemental Force, Disaster Area, Renounce Religion


You were in the Dungeon.
You worshipped Qazlal.
Qazlal was exalted by your worship.
You were not hungry.

You visited 1 branch You collected 1942 gold pieces.

Inventory:

Hand Weapons
 j - a +1 great mace
 p - the +11 plutonium sword (weapon) {*Contam Stlth-}
   (You found it in the Dungeon)

   It causes magical contamination when unequipped.
   It makes you less stealthy.
 B - the +5 arbalest "Alaonk" {penet, +Inv rC+ Str+4 Int-4}
   (You found it in the Dungeon)

   Ammo fired by it will pass through the targets it hits, potentially hitting
   all targets in its path until it reaches maximum range.
   It affects your strength (+4).
   It affects your intelligence (-4).
   It protects you from cold.
   It lets you turn invisible.
Missiles
 d - a throwing net (quivered)
 I - 117 bolts
Armour
 c - a +0 helmet (worn)
 h - a +2 cloak (worn)
 r - +6 fire dragon scales
 x - +0 ice dragon scales
 C - +0 storm dragon scales
 G - a +6 crystal plate armour (worn)
 J - a +5 large shield
 K - a +2 pair of gloves (worn)
 O - the +0 cloak of the True Pharaoh {Dex+5}
   (You found it in the Dungeon)

   It affects your dexterity (+5).
 Z - the +0 plate armour of the Arcane {+Blink rC+++ Int-2 Dex-4}
   (You found it in the Dungeon)

   It affects your intelligence (-2).
   It affects your dexterity (-4).
   It renders you almost immune to cold.
   It lets you blink.
Jewellery
 k - the ring "Sifaxod" {rC+ MR+ Dex+2}
   (You found it in the Dungeon)

   [ring of protection from cold]

   It affects your dexterity (+2).
   It protects you from cold.
   It affects your resistance to hostile enchantments.
 o - the ring of Liokar Xusch (right hand) {rPois rF+ MR++ Str-4 Stlth+}
   (You found it in the Dungeon)

   [ring of protection from fire]

   It affects your strength (-4).
   It protects you from fire.
   It protects you from poison.
   It affects your resistance to hostile enchantments.
   It makes you more stealthy.
 t - a +3 ring of strength
 y - an uncursed ring of protection from magic
 z - an uncursed ring of poison resistance
 A - an uncursed ring of fire
 L - a +4 ring of protection
 V - a +4 ring of protection
 Y - the ring of the Hundredfold Nights (left hand) {rPois rF+}
   (You found it in the Dungeon)

   [ring of poison resistance]

   It protects you from fire.
   It protects you from poison.
Wands
 n - a wand of acid (10)
Scrolls
 a - 4 scrolls of fear
 l - 8 scrolls of remove curse
 m - 2 scrolls of amnesia
 q - 4 scrolls of enchant weapon
 D - 2 scrolls of identify
 F - 5 scrolls of fog
 S - 4 scrolls of enchant armour
Potions
 b - 4 potions of haste
 e - 3 potions of curing
 g - a potion of invisibility
 i - 5 potions of magic
 s - a potion of resistance
 u - 5 potions of agility
 E - a potion of brilliance
 Q - a potion of berserk rage
 R - a potion of might
Comestibles
 f - 12 bread rations
 v - 14 fruits
 w - 11 meat rations


   Skills:
 O Level 27 Fighting
 * Level 23.6 Long Blades
 O Level 27 Maces & Flails
 - Level 1.7 Throwing
 O Level 27 Armour
 O Level 27 Dodging
 - Level 23.1 Shields
 O Level 27 Invocations


You had 19 spell levels left.
You didn't know any spells.

Dungeon Overview and Level Annotations

Branches:
Dungeon (1/1)

Altars:
Cheibriados
Dithmenos
Elyvilon
Fedhas
Gozag
Hepliaklqana
Kikubaaqudgha
Makhleb
Nemelex Xobeh
Okawaru
Qazlal
Ru
Sif Muna
Trog
Uskayaw
Vehumet
Wu Jian
Xom
Yredelemnul
Zin
The Shining One
Beogh
Jiyva
Lugonu

Shops:
D ?[[!


Innate Abilities, Weirdness & Mutations

You have hooves in place of feet.
Your flesh is cold resistant. (rC+)
A demonic guardian rushes to your aid.
You are powered by pain.
You are immune to freezing clouds.
When seriously injured, your bleeding wounds create very thick armour. (AC +12)
You tend to lose your temper in combat.
Your system is resistant to poisons. (rPois)
Your muscles are strong. (Str +2)
Potions are less effective at restoring your health.


Message History

The great icy blast engulfs your orange demon.
Your orange demon is frozen into a solid block of ice!
Your orange demon dies!
Your soul eater hits Ikoaraeh!!
You hear a chilling moan.
Something barks, "Embrace thy failure, thou pribbling crook-pated mish-mash!"
Okay, then.
There are friendlies around; are you sure you want to hurt them?
Nature churns violently around you!
Your demonic guardian avoids your attack. x2
Ikoaraeh barely misses you.
Your soul eater completely misses Ikoaraeh.
Send 'em back where they came from!
Your soul eater disappears in a puff of smoke!
You miss Ikoaraeh.
Ikoaraeh is almost dead.
Ikoaraeh gestures at you.
Ikoaraeh conjures a mighty blast of ice!
The great icy blast engulfs you! You partially resist.
You die...

.▓'▓.▓.▓.▓.▓.▓.▓.▓[▓.▓.▓.▓.▓.▓.▓.
.▓.▓.▓.▓.▓.▓.▓.▓.▓.▓.▓.▓.▓.▓.▓.▓.
.▓.▓.▓.▓.▓.▓.▓.▓.▓)▓.▓.▓.▓'▓.▓.▓.
)▓.▓.▓.▓.▓.▓.▓.▓.▓)▓.▓.▓.▓.▓.▓)▓.
.▓.▓.▓.▓.▓.▓.▓.▓≈▓.▓.▓.▓.▓.▓.▓.▓.
.▓.▓.▓.▓.▓.▓.▓.▓.▓.▓.▓.▓.▓.▓.▓)▓.
.▓.▓.▓.▓.▓.▓.▓.▓.▓)▓.▓.▓.▓.▓.▓[▓.
.▓.▓.▓.▓.▓.▓.▓.▓&▓.▓.▓.▓.▓.▓.▓)▓.
.▓.▓.▓.▓.▓.▓.▓.▓@▓(▓.▓.▓.▓.▓)▓)▓.
...▓...▓...▓...▓8§.▓...▓...▓...▓.
▓▓▓▓▓▓▓▓▓▓▓▓▓▓▓▓▓▓▓▓▓▓▓▓▓▓▓▓▓▓▓▓▓


You could see Ikoaraeh.

Vanquished Creatures
  3 orbs of fire (D)
  4 ancient liches (D)
  A juggernaut (D)
  Sojobo (D)
  Boris (D)
  Xtahua (D)
  Frederick (D)
  Saint Roka (D)
  A Killer Klown (D)
  A golden dragon (D)
  Jory (D)
  3 electric golems (D)
  A Brimstone Fiend (D)
  A Tzitzimitl (D)
  2 tentacled monstrosities (D)
  An Ice Fiend (D)
  29 Orb Guardians (D)
  2 pandemonium lords (D)
  A quicksilver dragon (D)
  A titan (D)
  An Executioner (D)
  Agnes (D)
  2 tengu reavers (D)
  3 death cobs (D)
  Kirke (D)
  8 nagarajas (D)
  5 shadow dragons (D)
  Donald (D)
  2 fire giants (D)
  3 storm dragons (D)
  2 draconian monks (D)
  2 draconian knights (D)
  Louise (D)
  A cacodemon (D)
  3 frost giants (D)
  2 draconian scorchers (D)
  2 emperor scorpions (D)
  A ghost moth (D)
  4 vault wardens (D)
  An orc warlord (D)
  2 draconian annihilators (D)
  A draconian shifter (D)
  2 warmongers (D)
  An ironheart preserver (D)
  3 green draconians (D)
  5 stone giants (D)
  4 draconian stormcallers (D)
  2 very ugly things (D)
  2 vampire knights (D)
  2 dire elephants (D)
  5 red draconians (D)
  A spark wasp (D)
  3 white draconians (D)
  4 purple draconians (D)
  3 yellow draconians (D)
  4 black draconians (D)
  3 ettins (D)
  4 merfolk javelineers (D)
  2 yaktaur captains (D)
  4 merfolk impalers (D)
  5 ice dragons (D)
  A rakshasa (D)
  2 great orbs of eyes (D)
  An ogre mage (D)
  4 fire dragons (D)
  8 hydras (D)
  A catoblepas (D)
  25 vault guards (D)
  4 centaur warriors (D)
  3 merfolk aquamancers (D)
  A naga warrior (D)
  A two-headed ogre (D)
  A merfolk avatar (D)
  A tengu warrior (D)
  2 deep troll shamans (D)
  A vampire mage (D)
  A naga sharpshooter (D)
  A spriggan berserker (D)
  A shock serpent (D)
  A sun demon (D)
  A deep elf knight (D)
  A sixfirhy (D)
  A shadow wraith (D)
  A large abomination (D)
  A glowing orange brain (D)
  A deep troll (D)
  An infernal demonspawn (D)
  A sea snake (D)
  5 swamp dragons (D)
  A gelid demonspawn (D)
  A phantasmal warrior (D)
  A deep elf archer (D)
  A wizard (D)
  3 ironbrand convokers (D)
  9 orc knights (D)
  A harpy (D)
  4 wolf spiders (D)
  2 orc sorcerers (D)
  2 ugly things (D)
  7 elephants (D)
  A rust devil (D)
  8 moths of wrath (D)
  2 manticores (D)
  2 naga magi (D)
  5 vault sentinels (D)
  4 black mambas (D)
  2 guardian serpents (D)
  2 orange demons (D)
  A water nymph (D)
  A torpor snail (D)
  A smoke demon (D)
  An efreet (D)
  4 spiny frogs (D)
  5 yaktaurs (D)
  An ice devil (D)
  A komodo dragon (D)
  A tormentor (D)
  3 demonic crawlers (D)
  2 red devils (D)
  A polar bear (D)
  A troll (D)
  A hellwing (D)
  2 jumping spiders (D)
  5 merfolk (D)
  A tyrant leech (D)
  A hornet (D)
  3 bog bodies (D)
  2 slime creatures (D)
  2 hippogriffs (D)
  9 redbacks (D)
  A wyvern (D)
  A tarantella (D)
  2 yaks (D)
  A ynoxinul (D)
  A golden eye (D)
  5 hogs (D)
  2 basilisks (D)
  3 chaos spawn (D)
  A neqoxec (D)
  A vampire mosquito (D)
  2 insubstantial wisps (D)
  4 nagas (D)
  A warg (D)
  4 porcupines (D)
  13 orc warriors (D)
  A sky beast (D)
  A swamp drake (D)
  2 ogres (D)
  A centaur (D)
  A boggart (D)
  A bullfrog (D)
  A wight (D)
  A crimson imp (D)
  A hound (D)
  2 jellies (D)
  7 orc wizards (D)
  An orc priest (D)
  A worker ant (D)
  An ufetubus (D)
  A dart slug (D)
  18 orcs (D)
  A bat zombie (D)
  A goblin (D)
  2 kobolds (D)
  A frilled lizard (D)
  A giant cockroach zombie (D)
  A rat (D)
435 creatures vanquished.

Vanquished Creatures (collateral kills)
  An Orb Guardian (D)
  A rakshasa (D)
2 creatures vanquished.

Vanquished Creatures (others)
  An Orb Guardian (D)
  Ilsuiw (D)
  A fire giant (D)
  A human (D)
4 creatures vanquished.

Grand Total: 441 creatures vanquished

Notes
Turn   | Place    | Note
-------+----------+-------------------------------------------
     0 | D        | sequroo the Demonspawn Gladiator began the quest for the Orb.
     0 | D        | Reached XP level 1. HP: 16/16 MP: 1/1
    27 | D        | Noticed an ogre
    27 | D        | Noticed a centaur
    27 | D        | Noticed an orc wizard
    33 | D        | Killed an orc wizard
    33 | D        | Gained mutation: You have large cloven feet. [demonic ancestry]
    33 | D        | Reached XP level 2. HP: 25/25 MP: 2/2
    33 | D        | Reached XP level 3. HP: 30/30 MP: 3/3
    34 | D        | Reached skill level 5 in Maces & Flails
    38 | D        | Killed a centaur
    38 | D        | Reached skill level 5 in Fighting
    38 | D        | Reached skill level 5 in Dodging
    38 | D        | Gained mutation: When seriously injured, your bleeding wounds create armour. (AC +12) [demonic ancestry]
    38 | D        | Reached XP level 4. HP: 39/39 MP: 4/4
    42 | D        | Killed an ogre
    42 | D        | Gained mutation: A weak demonic guardian rushes to your aid. [demonic ancestry]
    42 | D        | Reached XP level 5. HP: 46/46 MP: 5/5
   114 | D        | Found a roughly hewn altar of Beogh.
   114 | D        | Found a snail-covered altar of Cheibriados.
   114 | D        | Found a shadowy altar of Dithmenos.
   114 | D        | Found a white marble altar of Elyvilon.
   114 | D        | Found a blossoming altar of Fedhas.
   114 | D        | Found an opulent altar of Gozag.
   115 | D        | Found a hazy altar of Hepliaklqana.
   116 | D        | Found a viscous altar of Jiyva.
   117 | D        | Found an ancient bone altar of Kikubaaqudgha.
   118 | D        | Found a corrupted altar of Lugonu.
   119 | D        | Found a burning altar of Makhleb.
   120 | D        | Found a sparkling altar of Nemelex Xobeh.
   121 | D        | Found an iron altar of Okawaru.
   122 | D        | Found a stormy altar of Qazlal.
   123 | D        | Found a sacrificial altar of Ru.
   124 | D        | Found a deep blue altar of Sif Muna.
   125 | D        | Found a bloodstained altar of Trog.
   126 | D        | Found a hide-covered altar of Uskayaw.
   127 | D        | Found a radiant altar of Vehumet.
   128 | D        | Found an ornate altar of the Wu Jian Council.
   129 | D        | Found a shimmering altar of Xom.
   130 | D        | Became a worshipper of Qazlal Stormbringer
   131 | D        | Found a basalt altar of Yredelemnul.
   132 | D        | Found a glowing silver altar of Zin.
   133 | D        | Found a glowing golden altar of the Shining One.
   182 | D        | Noticed an ogre
   189 | D        | Killed an ogre
   189 | D        | Gained mutation: You have hoof-like feet. [demonic ancestry]
   189 | D        | Reached XP level 6. HP: 53/53 MP: 5/9
   191 | D        | Reached * piety under Qazlal
   202 | D        | Reached skill level 5 in Invocations
   206 | D        | Reached ** piety under Qazlal
   221 | D        | Noticed a five-headed hydra
   221 | D        | Noticed a yak
   221 | D        | Noticed a brown ugly thing
   221 | D        | Noticed a troll
   221 | D        | Noticed a sky beast
   224 | D        | Killed a sky beast
   234 | D        | Killed a troll
   234 | D        | Gained mutation: You sometimes gain a little power by taking damage. [demonic ancestry]
   234 | D        | Reached XP level 7. HP: 35/61 MP: 9/13
   242 | D        | Killed a brown ugly thing
   242 | D        | Reached skill level 10 in Invocations
   242 | D        | Gained mutation: You have hooves in place of feet. [demonic ancestry]
   242 | D        | Reached XP level 8. HP: 40/69 MP: 10/16
   248 | D        | Killed a five-headed hydra
   248 | D        | Reached *** piety under Qazlal
   248 | D        | Reached skill level 10 in Maces & Flails
   480 | D        | Noticed a hippogriff
   480 | D        | Noticed a spiny frog
   480 | D        | Noticed a spiny frog
   482 | D        | Killed a spiny frog
   482 | D        | Reached **** piety under Qazlal
   482 | D        | Gained mutation: You sometimes gain power by taking damage. [demonic ancestry]
   482 | D        | Reached XP level 9. HP: 72/78 MP: 13/19
   484 | D        | Reached skill level 10 in Fighting
   484 | D        | Killed a spiny frog
   487 | D        | Noticed a black mamba
   500 | D        | Reached skill level 10 in Dodging
   525 | D        | Killed a black mamba
   525 | D        | Reached ***** piety under Qazlal
   525 | D        | Reached skill level 15 in Invocations
   731 | D        | Noticed a catoblepas
   731 | D        | Noticed a spiny frog
   731 | D        | Noticed a komodo dragon
   731 | D        | Noticed an elephant
   732 | D        | Killed a spiny frog
   732 | D        | Reached XP level 10. HP: 87/87 MP: 21/21
   738 | D        | Killed a catoblepas
   748 | D        | Killed an elephant
   847 | D        | Noticed a dire elephant
   847 | D        | Noticed a dire elephant
   847 | D        | Noticed an elephant
   847 | D        | Noticed an elephant
   847 | D        | Noticed an elephant
   847 | D        | Noticed an elephant
   850 | D        | Killed an elephant
   851 | D        | Noticed an elephant
   854 | D        | Killed an elephant
   858 | D        | Noticed an elephant
   858 | D        | Killed an elephant
   861 | D        | Killed an elephant
   870 | D        | Killed a dire elephant
   870 | D        | Reached XP level 11. HP: 30/96 MP: 23/23
   876 | D        | Killed a dire elephant
  1262 | D        | Noticed an orc knight
  1267 | D        | Reached ****** piety under Qazlal
  1276 | D        | Killed an orc knight
  1340 | D        | Noticed an orc knight
  1340 | D        | Noticed an orc knight
  1341 | D        | Killed an orc knight
  1341 | D        | Reached skill level 15 in Maces & Flails
  1364 | D        | Killed an orc knight
  1366 | D        | Noticed an orc knight
  1385 | D        | Killed an orc knight
  1547 | D        | Found Xarahet's Distillery.
  1547 | D        | Noticed an orc knight
  1547 | D        | Noticed an orc knight
  1548 | D        | Noticed an orc sorcerer
  1557 | D        | Killed an orc knight
  1558 | D        | Found Zaullotz's Antique Armour Shop.
  1559 | D        | Killed an orc knight
  1559 | D        | Killed an orc sorcerer
  1563 | D        | Noticed an orc sorcerer
  1566 | D        | Found Puhevvas's Armour Boutique.
  1568 | D        | Killed an orc sorcerer
  1571 | D        | Found Kuubav's Magic Scroll Shop.
  1726 | D        | Got the +5 arbalest "Alaonk" {penet, +Inv rC+ Str+4 Int-4}
  1778 | D        | Noticed a centaur warrior
  1778 | D        | Noticed a two-headed ogre
  1792 | D        | Noticed a centaur warrior
  1799 | D        | Killed a centaur warrior
  1799 | D        | Killed a centaur warrior
  1799 | D        | Gained mutation: Your flesh is cold resistant. (rC+) [demonic ancestry]
  1799 | D        | Reached XP level 12. HP: 106/106 MP: 25/25
  1800 | D        | Killed a two-headed ogre
  1801 | D        | Noticed a frost giant
  1802 | D        | Noticed a deep troll shaman
  1814 | D        | Noticed a stone giant
  1825 | D        | Killed a deep troll shaman
  1828 | D        | Killed a frost giant
  1831 | D        | Killed a stone giant
  1840 | D        | Noticed a rakshasa
  1841 | D        | Noticed an ice dragon
  2388 | D        | Killed a rakshasa
  2544 | D        | Killed an ice dragon
  2571 | D        | Noticed a centaur warrior
  2580 | D        | Killed a centaur warrior
  2748 | D        | Noticed an ettin
  2763 | D        | Killed an ettin
  2981 | D        | Noticed Agnes
  2998 | D        | Killed Agnes
  2998 | D        | Reached skill level 15 in Fighting
  3341 | D        | Noticed a nagaraja
  3342 | D        | Noticed a naga warrior
  3354 | D        | Killed a nagaraja
  3354 | D        | Gained mutation: When seriously injured, your bleeding wounds create thick armour. (AC +12) [demonic ancestry]
  3354 | D        | Reached XP level 13. HP: 77/116 MP: 15/27
  3633 | D        | Noticed a merfolk impaler
  3640 | D        | Reached skill level 15 in Dodging
  3640 | D        | Killed a merfolk impaler
  4119 | D        | Noticed Donald
  4130 | D        | Killed Donald
  4345 | D        | Noticed a cyan very ugly thing
  4345 | D        | Noticed a frost giant
  4345 | D        | Noticed a fire dragon
  4347 | D        | Reached skill level 1 in Armour
  4348 | D        | Killed a frost giant
  4355 | D        | Killed a fire dragon
  4357 | D        | Noticed a white very ugly thing
  4358 | D        | Killed a cyan very ugly thing
  4358 | D        | Reached skill level 5 in Armour
  4359 | D        | Killed a white very ugly thing
  4373 | D        | Noticed a frost giant
  4374 | D        | Noticed an ettin
  4376 | D        | Killed a frost giant
  4376 | D        | Gained mutation: You are powered by pain. [demonic ancestry]
  4376 | D        | Reached XP level 14. HP: 106/128 MP: 9/29
  4377 | D        | Noticed a stone giant
  4379 | D        | Noticed a vampire knight
  4401 | D        | Killed a stone giant
  4404 | D        | Killed a vampire knight
  4653 | D        | Noticed a vault warden
  4654 | D        | Killed a vault warden
  4654 | D        | Reached skill level 10 in Armour
  4669 | D        | Noticed a stone giant
  4671 | D        | Noticed a fire giant
  4675 | D        | Noticed a vault warden
  4675 | D        | Killed a stone giant
  4679 | D        | Killed a fire giant
  4679 | D        | Killed a vault warden
  4682 | D        | Noticed a vault warden
  4690 | D        | Killed a vault warden
  4950 | D        | Noticed Kirke
  4965 | D        | Killed Kirke
  5056 | D        | Found the +0 pair of fencer's gloves {+Riposte Dex+3}
  5061 | D        | Got the +0 cloak of the True Pharaoh {Dex+5}
  5227 | D        | Noticed Xtahua
  5228 | D        | Paralysed by Xtahua for 2 turns
  5245 | D        | Killed Xtahua
  5565 | D        | Noticed Ilsuiw
  5597 | D        | Killed Ilsuiw
  5597 | D        | Reached XP level 15. HP: 136/139 MP: 14/31
  5650 | D        | Got a barnacled rune of Zot
  5717 | D        | Reached skill level 15 in Armour
  5762 | D        | Got a decaying rune of Zot
  5883 | D        | Killed a ghost moth
  5909 | D        | Got a gossamer rune of Zot
  5914 | D        | Gained mutation: Your muscles are strong. (Str +2) [mutagenic meat]
  5916 | D        | Gained mutation: Your system is resistant to poisons. (rPois) [mutagenic meat]
  5918 | D        | Gained mutation: Potions are less effective at restoring your health. [mutagenic meat]
  5979 | D        | Noticed a nagaraja
  5979 | D        | Noticed a nagaraja
  5979 | D        | Noticed a nagaraja
  5980 | D        | Killed a nagaraja
  5980 | D        | Killed a nagaraja
  5983 | D        | Noticed a nagaraja
  5984 | D        | Killed a nagaraja
  5985 | D        | Noticed a nagaraja
  5986 | D        | Noticed a nagaraja
  5987 | D        | Noticed a nagaraja
  5988 | D        | Killed a nagaraja
  5988 | D        | Killed a nagaraja
  5988 | D        | Killed a nagaraja
  5991 | D        | Killed a nagaraja
  6104 | D        | Got a serpentine rune of Zot
  6156 | D        | Noticed Jory
  6161 | D        | Noticed Frederick
  6185 | D        | Killed Jory
  6593 | D        | Killed Frederick
  6691 | D        | Gained mutation: When seriously injured, your bleeding wounds create very thick armour. (AC +12) [demonic ancestry]
  6691 | D        | Reached XP level 16. HP: 152/152 MP: 33/33
  6800 | D        | Reached skill level 27 in Invocations
  6938 | D        | Noticed a shadow dragon
  6954 | D        | Killed a shadow dragon
  6970 | D        | Noticed a shadow dragon
  6987 | D        | Killed a shadow dragon
  7116 | D        | Noticed a shadow dragon
  7116 | D        | Noticed a tentacled monstrosity
  7116 | D        | Noticed a shadow dragon
  7122 | D        | Killed a tentacled monstrosity
  7127 | D        | Noticed a shadow dragon
  7130 | D        | Noticed a titan
  7133 | D        | Killed a shadow dragon
  7139 | D        | Killed a shadow dragon
  7145 | D        | Killed a shadow dragon
  7153 | D        | Killed a titan
  7162 | D        | Got a silver rune of Zot
  7166 | D        | Got a translucent plate armour
  7177 | D        | Identified the cursed +0 plate armour of the Arcane {+Blink rC+++ Int-2 Dex-4} (You found it in the Dungeon)
  7231 | D        | Noticed Louise
  7436 | D        | Killed Louise
  7905 | D        | Noticed Saint Roka
  7929 | D        | Killed Saint Roka
  7938 | D        | Reached XP level 17. HP: 95/165 MP: 34/34
  8184 | D        | Got the ring "Sifaxod" {rC+ MR+ Dex+2}
  8186 | D        | Got the amulet "Tevemaxe" {Inacc Str+2 Int+3}
  8188 | D        | Got the ring "Ukhlurhunt" {rPois Str-4 Dex+4 SInv}
  8190 | D        | Found the +11 plutonium sword {*Contam Stlth-}
  8190 | D        | Got the ring of the Hundredfold Nights {rPois rF+}
  8206 | D        | Got the ring of Liokar Xusch {rPois rF+ MR++ Str-4 Stlth+}
  8395 | D        | Noticed Boris
  8412 | D        | Killed Boris
  8419 | D        | Noticed Sojobo
  8438 | D        | Killed Sojobo
  8721 | D        | Noticed a juggernaut
  8755 | D        | Killed a juggernaut
  8762 | D        | Reached skill level 10 in Shields
  9195 | D        | Noticed a quicksilver dragon
  9209 | D        | Killed a quicksilver dragon
  9391 | D        | Noticed a tentacled monstrosity
  9391 | D        | Noticed a Killer Klown
  9393 | D        | Reached skill level 27 in Fighting
  9393 | D        | Reached skill level 15 in Shields
  9401 | D        | Killed a tentacled monstrosity
  9401 | D        | Reached XP level 18. HP: 180/182 MP: 28/35
  9423 | D        | Killed a Killer Klown
  9644 | D        | Noticed an Orb Guardian
  9644 | D        | Noticed an Orb Guardian
  9644 | D        | Noticed an Orb Guardian
  9644 | D        | Noticed an Orb Guardian
  9644 | D        | Noticed an Orb Guardian
  9644 | D        | Noticed an Orb Guardian
  9645 | D        | Noticed an Orb Guardian
  9646 | D        | Killed an Orb Guardian
  9646 | D        | Reached skill level 27 in Armour
  9646 | D        | Killed an Orb Guardian
  9647 | D        | Killed an Orb Guardian
  9647 | D        | Killed an Orb Guardian
  9647 | D        | Killed an Orb Guardian
  9647 | D        | Killed an Orb Guardian
  9649 | D        | Killed an Orb Guardian
  9650 | D        | Noticed an Orb Guardian
  9670 | D        | Noticed an Orb Guardian
  9670 | D        | Noticed an Orb Guardian
  9677 | D        | Killed an Orb Guardian
  9681 | D        | Killed an Orb Guardian
  9688 | D        | Killed an Orb Guardian
  9726 | D        | Noticed an Orb Guardian
  9726 | D        | Noticed an Orb Guardian
  9727 | D        | Killed an Orb Guardian
  9727 | D        | Killed an Orb Guardian
  9728 | D        | Noticed an Orb Guardian
  9730 | D        | Noticed an Orb Guardian
  9742 | D        | Killed an Orb Guardian
  9751 | D        | Killed an Orb Guardian
  9842 | D        | Noticed an orb of fire
  9842 | D        | Noticed an ancient lich
  9845 | D        | Noticed an electric golem
  9849 | D        | Killed an ancient lich
  9863 | D        | Killed an orb of fire
  9863 | D        | Gained mutation: A demonic guardian rushes to your aid. [demonic ancestry]
  9863 | D        | Reached XP level 19. HP: 45/189 MP: 36/36
  9878 | D        | Killed an electric golem
 10207 | D        | Noticed an ancient lich
 10207 | D        | Noticed a golden dragon
 10209 | D        | Noticed an orb of fire
 10210 | D        | Killed a golden dragon
 10213 | D        | Killed an ancient lich
 10213 | D        | Reached skill level 27 in Dodging
 10216 | D        | Noticed an electric golem
 10217 | D        | Noticed an ancient lich
 10222 | D        | Noticed an orb of fire
 10225 | D        | Killed an orb of fire
 10226 | D        | Noticed an electric golem
 10227 | D        | Killed an ancient lich
 10230 | D        | Noticed an ancient lich
 10230 | D        | Gained mutation: You tend to lose your temper in combat. [an orb of fire]
 10231 | D        | Killed an electric golem
 10231 | D        | Killed an electric golem
 10231 | D        | Killed an orb of fire
 10231 | D        | Killed an ancient lich
 10231 | D        | Reached skill level 27 in Maces & Flails
 11564 | D        | Reached skill level 5 in Long Blades
 11574 | D        | Reached skill level 10 in Long Blades
 11581 | D        | Reached skill level 15 in Long Blades
 11590 | D        | Gained mutation: You are immune to freezing clouds. [demonic ancestry]
 11590 | D        | Reached XP level 20. HP: 145/197 MP: 13/37
 11715 | D        | Got the Orb of Zot
 12006 | D        | Noticed Unocuorch the pandemonium lord
 12013 | D        | Killed Unocuorch the pandemonium lord
 12521 | D        | Noticed Utaw the pandemonium lord
 12531 | D        | Killed Utaw the pandemonium lord
 12726 | D        | Noticed Vemytec the pandemonium lord
 12726 | D        | Noticed Ikoaraeh the pandemonium lord
 12846 | D        | Killed from afar by Ikoaraeh the pandemonium lord

Vault maps used:
D:        linesprint

Skill      XL: |  1  2  3  4  5  6  7  8  9 10 11 12 13 14 15 16 17 18 19 20 |
---------------+-------------------------------------------------------------+-----
Maces & Flails | 4 6 8 9 10 12 14 16 18 19 21 22 24 27 | 27.0
Dodging        | 3 5 6 7 8 9 10 11 13 14 15 25 27 | 27.0
Fighting       | 3 5 6 7 8 9 11 12 13 15 17 19 21 23 27 | 27.0
Invocations    | 4 9 10 13 15 16 18 20 22 24 26 27 | 27.0
Armour         | 7 14 18 22 25 27 | 27.0
Shields        | 15 18 23 | 23.1
Long Blades    | 16 23 | 23.6
Throwing       | |  1.7

Action                   |  1- 3 |  4- 6 |  7- 9 | 10-12 | 13-15 | 16-18 | 19-21 || total
-------------------------+-------+-------+-------+-------+-------+-------+-------++-------
Melee: Flail             |    18 |     3 |       |       |       |       |       ||    21
       Kick              |     2 |     1 |    13 |    57 |   104 |   264 |    68 ||   509
       Dire flail        |       |    34 |    42 |   150 |    51 |       |       ||   277
       Great mace        |       |       |       |       |   155 |   475 |    82 ||   712
       Triple sword      |       |       |       |       |       |       |    72 ||    72
Throw: Throwing net      |       |     1 |       |       |       |     1 |     2 ||     4
Invok: Upheaval          |       |       |     3 |    23 |    56 |    14 |    17 ||   113
       Disaster Area     |       |       |       |     5 |     9 |    14 |    11 ||    39
  Use: Potion            |     2 |     1 |     2 |     3 |     2 |     4 |    17 ||    31
       Scroll            |       |       |       |       |     7 |     3 |     2 ||    12
 Stab: Distracted        |       |       |       |       |       |     2 |       ||     2
  Eat: Fruit             |       |       |       |     3 |     9 |     7 |     7 ||    26
       Chunk             |       |       |       |     1 |     7 |     5 |       ||    13
       Bread ration      |       |       |       |     1 |       |       |       ||     1
       Meat ration       |       |       |       |       |       |       |     1 ||     1
Armor: Leather armour    |     6 |       |       |       |       |       |       ||     6
       Scale mail        |       |    12 |    15 |     8 |       |       |       ||    35
       Plate armour      |       |       |       |    20 |     5 |       |       ||    25
       Crystal plate arm |       |       |       |       |    87 |   191 |    43 ||   321
Dodge: Dodged            |     5 |    14 |    27 |    48 |    75 |   116 |    88 ||   373
       Deflected         |       |       |       |       |     8 |     6 |     2 ||    16
Block: Other             |       |       |     5 |    28 |    57 |    75 |    53 ||   218
       Rpst.: Great mace |       |       |       |       |     5 |     8 |       ||    13
       Triple sword      |       |       |       |       |       |       |     6 ||     6

Table legend:
 A = Spawn XP
 B = Non-spawn XP
 C = Spawn XP percentage of total XP
 D = Spawn monster count
 E = Non-spawn monster count
 F = Spawn count percentage of total count
 G = Total turns spent on level
                    A         B        C        D         E        F      G
               +---------+---------+-------+---------+---------+-------+---------
         Total |       0 |  478325 |   0.0 |       0 |     405 |   0.0 | 12846
               +---------+---------+-------+---------+---------+-------+---------
             D |       0 |  478325 |   0.0 |       0 |     405 |   0.0 | 12846
               +---------+---------+-------+---------+---------+-------+---------
